 Dungeon Crawl Stone Soup version 0.23.0 (webtiles) character file.

Game seed: 13135061953934911313

1304 Delanovic the Skirmisher (level 8, -1/58 HPs)
             Began as an Octopode Wanderer on Feb 13, 2019.
             Was an Initiate of Gozag.
             Slain by an ice beast (14 damage)
             ... on level 6 of the Dungeon.
             The game lasted 00:17:09 (6077 turns).

Delanovic the Skirmisher (Octopode Wanderer)        Turns: 6077, Time: 00:17:11

Health: -1/58      AC:  4    Str: 10    XL:     8   Next: 57%
Magic:  9/9        EV: 16    Int: 16    God:    Gozag
Gold:   449        SH:  0    Dex: 13    Spells: 9/9 levels left

rFire    . . .     SeeInvis .   r - +1 rapier
rCold    . . .     Gourm    .   (no shield)
rNeg     + + .     Faith    .   (helmet restricted)
rPois    +         Spirit   .   (no amulet)
rElec    .         Reflect  .   l - ring of positive energy
rCorr    .         Harm     .   n - ring of positive energy
MR       +....                  p - +3 ring of protection
Stlth    +++.......             s - ring of protection from magic
HPRegen  0.19/turn              (no ring)
MPRegen  0.11/turn              (no ring)
                                (no ring)
                                (no ring)

@: gold aura, flying
A: almost no armour, stealthy swim, amphibious, 8 rings, constrict 8, camouflage
1, poison resistance, wild magic 1, gelatinous body 1
a: Potion Petition, Call Merchant, Bribe Branch, Renounce Religion


You were on level 6 of the Dungeon.
You worshipped Gozag.
Gozag was aware of your devotion.
You were not hungry.

You visited 2 branches of the dungeon, and saw 7 of its levels.
You also visited: Ossuary.

You collected 607 gold pieces.
You paid 158 gold pieces to Gozag.

Inventory:

Hand Weapons
 d - a +0 dagger
 r - a +1 rapier (weapon)
Jewellery
 l - a ring of positive energy (left tentacle)
 n - a ring of positive energy (right tentacle)
 p - a +3 ring of protection (on tentacle)
 s - a ring of protection from magic (on tentacle)
Scrolls
 a - a scroll of magic mapping
 b - 2 scrolls of immolation
 c - 4 scrolls of remove curse
 e - a scroll of enchant weapon
 g - 2 scrolls of noise {unknown}
 i - 5 scrolls of identify
 k - 6 scrolls of teleportation
 t - a scroll of silence {unknown}
 v - a scroll of amnesia {unknown}
Potions
 h - a potion of berserk rage {unknown}
 j - 2 potions of curing {unknown}
 o - a potion of heal wounds
 q - a potion of brilliance
 u - 2 potions of mutation
 w - a potion of flight
Comestibles
 f - 5 rations


   Skills:
 + Level 6.7 Fighting
 + Level 5.2 Short Blades
 - Level 1.0 Throwing
 + Level 5.4 Dodging
 - Level 3.3 Stealth
 - Level 1.0 Spellcasting
   Level 1.0 Translocations
   Level 3.0 Fire Magic


You had 9 spell levels left.
You didn't know any spells.
Your spell library contained the following spells:

 Spells                   Type           Power        Failure   Level  Hunger
 Flame Tongue             Conj/Fire      #....        17%         1    ##.....
 Magic Dart               Conj           #...         30%         1    ##.....
 Sandblast                Erth           #.....       30%         1    ##.....
 Blink                    Tloc           N/A          30%         2    ###....
 Call Imp                 Summ           #.......     43%         2    ###....
 Slow                     Hex            #.......     43%         2    ###....
 Conjure Flame            Conj/Fire      #.......     45%         3    ####...
 Ignite Poison            Fire/Tmut/Pois #.......     50%         3    ####...
 Mephitic Cloud           Conj/Pois/Air  #.......     65%         3    ####...
 Stone Arrow              Conj/Erth      #.....       65%         3    ####...


Dungeon Overview and Level Annotations

Branches:
Dungeon (5/15)             Temple (1/1) D:4

Altars:
Ashenzari
Cheibriados
Dithmenos
Elyvilon
Fedhas
Gozag
Hepliaklqana
Kikubaaqudgha
Makhleb
Nemelex Xobeh
Okawaru
Qazlal
Sif Muna
Uskayaw
Vehumet
Xom
Yredelemnul
Zin

Shops:
D:4 =   D:5 :


Innate Abilities, Weirdness & Mutations

You cannot wear most types of armour.
You are very stealthy in the water. (Stealth+)
You are amphibious.
You can wear up to eight rings at the same time.
You can use your tentacles to constrict eight enemies at once.
Your skin changes colour to match your surroundings (Stealth+).
Your rubbery body absorbs attacks. (AC +1, EV +1)
Your system is resistant to poisons. (rPois)
Your spells are a little harder to cast, but a little more powerful.


Message History

The ice beast freezes you!
The crimson imp blinks!
It was a potion of flight.
You feel very buoyant.
You fly up into the air.
You constrict the orc. The orc barely misses you. The ice beast hits you.
The ice beast freezes you!
* * * LOW HITPOINT WARNING * * *
An orc comes into view. It is wielding a +0 dagger.
Okay, then.
As you read the scroll of fog, it crumbles to dust.
The scroll dissolves into smoke.
You constrict the orc.
You kill the orc!
The ice beast closely misses you.
You barely miss the ice beast.
You squeeze the ice beast, but do no damage.
The ice beast hits you but does no damage.
The ice beast hits you.
* * * LOW HITPOINT WARNING * * *
The ice beast freezes you!
You die...
Your body crumbles into a pile of gold.

###.###(#.#
.# .#
#.........#
# #
#.#.###(###
#(# $ #5# #
# #.# o# ..#
#§# #.#...#
#Y###..o...#
#§@Y§....?..
#####....###
#...)#
..#... ...#.
#... ##.. ..


You could see 2 ice beasts.

Vanquished Creatures
  2 ogres (D:3)
  2 phantoms (D:4)
  3 centaurs
  A howler monkey (D:4)
  A bullfrog zombie (D:4)
  A bullfrog skeleton (D:5)
  An orc priest (D:3)
  An iguana (D:3)
  Jessica (D:3)
  Natasha (thrice) (D:4)
  3 worker ants
  Terence (D:3)
  A hound zombie (D:5)
  8 mummies (Ossuary)
  Robin (D:4)
  4 gnolls (D:3)
  8 adders
  A howler monkey skeleton (D:4)
  2 shadow imps (D:5)
  A worm zombie (D:5)
  2 worms
  5 leopard geckos
  8 orcs
  6 bats
  4 giant cockroaches
  A gnoll zombie (Ossuary)
  10 hobgoblins
  7 jackals
  3 kobolds
  A quokka (D:5)
  2 ball pythons
  4 frilled lizards
  13 goblins
  A goblin zombie (D:5)
  A hobgoblin zombie (Ossuary)
  A jackal skeleton (D:4)
  3 kobold zombies (Ossuary)
  A leopard gecko skeleton (D:4)
  3 orc zombies (Ossuary)
  10 rats
  2 rat zombies (D:5)
134 creatures vanquished.

Notes
Turn   | Place    | Note
-------+----------+-------------------------------------------
     0 | D:1      | Delanovic the Octopode Wanderer began the quest for the
                  | Orb.
     0 | D:1      | Delanovic set off with the following items: a +0 dagger, a
                  | ration; and the following spells available to memorise:
                  | Flame Tongue, Magic Dart, Sandblast, Blink, Call Imp, Slow,
                  | Conjure Flame, Ignite Poison, Mephitic Cloud, Stone Arrow
     0 | D:1      | Reached XP level 1. HP: 16/16 MP: 2/2
   166 | D:1      | Reached XP level 2. HP: 21/21 MP: 3/3
   505 | D:1      | Reached skill level 1 in Short Blades
   732 | D:1      | Reached XP level 3. HP: 18/26 MP: 4/4
  1902 | D:2      | Found a deep blue altar of Sif Muna.
  1947 | D:2      | Reached XP level 4. HP: 26/33 MP: 5/5
  2349 | D:2      | Found a faded altar of an unknown god.
  2448 | D:2      | Found a white marble altar of Elyvilon.
  2450 | D:2      | Found a shattered altar of Ashenzari.
  2454 | D:2      | Found a burning altar of Makhleb.
  2526 | D:3      | Noticed Terence
  2538 | D:3      | Killed Terence
  2704 | D:3      | Reached skill level 4 in Fighting
  2704 | D:3      | Reached skill level 1 in Dodging
  2882 | D:3      | Reached XP level 5. HP: 37/37 MP: 6/6
  3219 | D:3      | You fall through a shaft for 2 floors!
  3219 | D:5      | Entered Level 5 of the Dungeon
  3321 | D:5      | Found Gapt's Book Emporium.
  3329 | D:5      | Found a sand-covered staircase.
  3350 | D:5      | Reached XP level 6. HP: 44/44 MP: 7/7
  3356 | Ossuary  | Entered an ossuary
  3378 | Ossuary  | Gained mutation: Your spells are a little harder to cast,
                  | but a little more powerful. [potion of mutation]
  3378 | Ossuary  | Gained mutation: Your spells are harder to cast, but more
                  | powerful. [potion of mutation]
  3378 | Ossuary  | Lost mutation: Your spells are harder to cast, but more
                  | powerful. [potion of mutation]
  3378 | Ossuary  | Gained mutation: Your system is resistant to poisons.
                  | (rPois) [potion of mutation]
  3656 | Ossuary  | Reached skill level 5 in Fighting
  3993 | D:5      | Reached XP level 7. HP: 10/50 MP: 8/8
  4382 | D:4      | Noticed Natasha
  4393 | D:4      | Killed Natasha
  4489 | D:4      | Noticed Natasha
  4493 | D:4      | Killed Natasha
  4522 | D:4      | Found a staircase to the Ecumenical Temple.
  4550 | Temple   | Entered the Ecumenical Temple
  4660 | Temple   | Became a worshipper of Gozag Ym Sagoz the Greedy
  4690 | D:4      | Found a shimmering altar of Xom.
  5085 | D:4      | Noticed Robin
  5094 | D:4      | Reached skill level 6 in Fighting
  5102 | D:4      | Killed Robin
  5177 | D:4      | Reached XP level 8. HP: 57/57 MP: 9/9
  5300 | D:4      | Noticed Natasha
  5311 | D:4      | Killed Natasha
  5409 | D:4      | Found Cudiegamn's Jewellery Shop.
  5777 | D:3      | Noticed Jessica
  5780 | D:3      | Killed Jessica
  5790 | D:3      | Reached skill level 5 in Dodging
  5982 | D:3      | Reached skill level 5 in Short Blades
  6044 | D:3      | You fall through a shaft for 3 floors!
  6077 | D:6      | Slain by an ice beast

Skill      XL: |  1  2  3  4  5  6  7  8 |
---------------+-------------------------+-----
Stealth        | 2 3 |  3.3
Short Blades   | 1 2 3 4 5 |  5.2
Fighting       | 4 5 6 |  6.7
Dodging        | 1 2 3 4 5 |  5.4
Throwing       | |  1.0
Spellcasting   | |  1.0
Translocations | |  1.0
Fire Magic     | |  3.0

Action                   |  1- 3 |  4- 6 |  7- 9 || total
-------------------------+-------+-------+-------++-------
Melee: Dagger            |    86 |   127 |       ||   213
       Constrict         |    22 |    45 |    28 ||    95
       Tentacles         |     9 |    38 |    36 ||    83
       Rapier            |       |    52 |   145 ||   197
  Use: Potion            |     2 |     5 |     5 ||    12
       Scroll            |       |    11 |     1 ||    12
 Stab: Sleeping          |    10 |    13 |     5 ||    28
       Distracted        |       |       |     1 ||     1
  Eat: Ration            |     1 |     1 |     2 ||     4
       Chunk             |       |     4 |       ||     4
Armor: Skin              |    13 |    26 |    14 ||    53
Dodge: Dodged            |    41 |    95 |    96 ||   232
